% Time on Ice - RENO LIONS
Lines # - Real PCT - Wanted PCT - Time Play
Normal Forward
1 - 32% - 35% - 16:08
2 - 29% - 30% - 14:20
3 - 23% - 25% - 11:44
4 - 16% - 10% - 7:53
Normal Defense
1 - 36% - 35% - 18:16
2 - 34% - 35% - 17:01
3 - 27% - 25% - 13:43
4 - 2% - 5% - 1:05
PP Forward
1 - 65% - 55% - 1:17
2 - 35% - 45% - 0:42
PP Defense
1 - 35% - 55% - 0:42
2 - 65% - 45% - 1:17
PK Forward
1 - 46% - 55% - 3:40
2 - 54% - 45% - 4:16
PK Defense
1 - 43% - 55% - 3:26
2 - 57% - 45% - 4:30
PK3 Forward
1 - 0% - 55%
2 - 0% - 45%
PK3 Defense
1 - 0% - 55%
2 - 0% - 45%
44 Forward
1 - 0% - 55%
2 - 0% - 45%
44 Defense
1 - 0% - 55%
2 - 0% - 45%
Last Minute Offensive  - 0:00
Last Minute Defensive  - 0:00
Total
Forward - 60:00
Defense - 60:00
% Time on Ice - EDMONTON ICE
Lines # - Real PCT - Wanted PCT - Time Play
Normal Forward
1 - 33% - 36% - 16:34
2 - 33% - 34% - 16:34
3 - 27% - 24% - 13:20
4 - 7% - 6% - 3:37
Normal Defense
1 - 36% - 36% - 18:12
2 - 34% - 34% - 17:03
3 - 26% - 23% - 12:48
4 - 4% - 7% - 2:02
PP Forward
1 - 53% - 55% - 4:11
2 - 47% - 45% - 3:45
PP Defense
1 - 53% - 55% - 4:12
2 - 47% - 45% - 3:44
PK Forward
1 - 77% - 60% - 1:32
2 - 23% - 40% - 0:27
PK Defense
1 - 39% - 60% - 0:47
2 - 61% - 40% - 1:12
PK3 Forward
1 - 0% - 55%
2 - 0% - 45%
PK3 Defense
1 - 0% - 55%
2 - 0% - 45%
44 Forward
1 - 0% - 55%
2 - 0% - 45%
44 Defense
1 - 0% - 55%
2 - 0% - 45%
Last Minute Offensive  - 0:00
Last Minute Defensive  - 0:00
Total
Forward - 60:00
Defense - 60:00
Play-by-Play 1st period 0:01 of 1st period - William Karlsson wins face-off versus Valtteri Filppula in neutral zone. 0:13 of 1st period - Icing by Jeff Petry. 0:14 of 1st period - Pierre-Luc Dubois wins face-off versus Tanner Pearson in EDMONTON ICE zone. 0:19 of 1st period - Shot by Elias Pettersson. 0:19 of 1st period - Shot Misses the Net. 0:44 of 1st period - Jeff Petry is hit by Olli Maatta and loses puck. 0:47 of 1st period - Shot by Valtteri Filppula. 0:47 of 1st period - Stopped by Thomas Greiss without a rebound. 0:48 of 1st period - Boone Jenner wins face-off versus Max Domi in RENO LIONS zone. 1:09 of 1st period - Jaden Schwartz is hit by Blake Coleman. 1:48 of 1st period - Icing by Ethan Bear. 1:49 of 1st period - Max Domi wins face-off versus Eric Fehr in RENO LIONS zone. 1:55 of 1st period - Off-side. 1:56 of 1st period - Eric Fehr wins face-off versus William Karlsson in neutral zone. 2:01 of 1st period - Shot by William Karlsson. 2:01 of 1st period - Stopped by Jake Allen without a rebound. 2:02 of 1st period - William Karlsson wins face-off versus Ondrej Kase in EDMONTON ICE zone. 2:37 of 1st period - Shot by William Karlsson. 2:37 of 1st period - Stopped by Jake Allen without a rebound. 2:38 of 1st period - Boone Jenner wins face-off versus Tomas Nosek in EDMONTON ICE zone. 2:42 of 1st period - Icing by Oscar Lindberg. 2:43 of 1st period - Boone Jenner wins face-off versus Pierre-Luc Dubois in EDMONTON ICE zone. 2:59 of 1st period - Loui Eriksson is hit by Elias Pettersson and loses puck. 3:06 of 1st period - Boone Jenner is hit by Pierre-Luc Dubois and loses puck. 3:52 of 1st period - Icing by Tanner Pearson. 3:53 of 1st period - William Karlsson wins face-off versus Tanner Pearson in EDMONTON ICE zone. 3:56 of 1st period - Shot by Timo Meier. 3:56 of 1st period - Goal by Timo Meier - RENO LIONS : 1 - EDMONTON ICE : 0. 3:57 of 1st period - Eric Fehr wins face-off versus Tomas Nosek in neutral zone. 5:19 of 1st period - Shot by Timo Meier. 5:19 of 1st period - Shot Misses the Net. 5:29 of 1st period - Shot by Jaden Schwartz. 5:29 of 1st period - Shot Misses the Net. 5:31 of 1st period - Shot by Boone Jenner. 5:31 of 1st period - Shot Misses the Net. 5:33 of 1st period - Shot by Jaden Schwartz. 5:33 of 1st period - Stopped by Thomas Greiss with a rebound. 5:48 of 1st period - Off-side. 5:49 of 1st period - Valtteri Filppula wins face-off versus Max Domi in neutral zone. 6:22 of 1st period - Shot by Max Domi. 6:22 of 1st period - Deflect By Anders Lee. 6:22 of 1st period - Stopped by Jake Allen without a rebound. 6:23 of 1st period - Eric Fehr wins face-off versus Pierre-Luc Dubois in EDMONTON ICE zone. 8:04 of 1st period - Shot by Evgeny Dadonov. 8:04 of 1st period - Shot Misses the Net. 8:06 of 1st period - Shot by Olli Maatta. 8:06 of 1st period - Stopped by Jake Allen without a rebound. 8:07 of 1st period - Valtteri Filppula wins face-off versus Max Domi in EDMONTON ICE zone. 8:16 of 1st period - Shot by Blake Coleman. 8:16 of 1st period - Goal by Blake Coleman - RENO LIONS : 2 - EDMONTON ICE : 0. 8:17 of 1st period - Valtteri Filppula wins face-off versus Max Domi in neutral zone. 9:10 of 1st period - Jeff Petry is hit by Oliver Ekman-Larsson and loses puck. 9:21 of 1st period - Shot by William Karlsson. 9:21 of 1st period - Shot Misses the Net. 9:23 of 1st period - Shot by Timo Meier. 9:23 of 1st period - Stopped by Jake Allen without a rebound. 9:24 of 1st period - Boone Jenner wins face-off versus Pierre-Luc Dubois in EDMONTON ICE zone. 9:26 of 1st period - Icing by Jaden Schwartz. 9:27 of 1st period - William Karlsson wins face-off versus Boone Jenner in EDMONTON ICE zone. 9:28 of 1st period - Shot by Timo Meier. 9:28 of 1st period - Shot Misses the Net. 9:55 of 1st period - Icing by Oliver Ekman-Larsson. 9:56 of 1st period - Eric Fehr wins face-off versus William Karlsson in RENO LIONS zone. 9:56 of 1st period - Ondrej Kase is hit by Ryan Pulock and loses puck. 10:15 of 1st period - Shot by William Karlsson. 10:15 of 1st period - Shot Misses the Net. 10:29 of 1st period - Eric Fehr is hit by William Karlsson and loses puck. 11:10 of 1st period - Shot by Elias Pettersson. 11:10 of 1st period - Deflect By Alex Killorn. 11:10 of 1st period - Shot Misses the Net. 11:12 of 1st period - Shot by Pierre-Luc Dubois. 11:12 of 1st period - Stopped by Jake Allen without a rebound. 11:13 of 1st period - Valtteri Filppula wins face-off versus Tomas Nosek in EDMONTON ICE zone. 11:13 of 1st period - Valtteri Filppula is hit by Vincent Hinostroza. 11:24 of 1st period - Minor Penalty to Adam McQuaid for Tripping. 11:25 of 1st period - Tomas Nosek wins face-off versus Valtteri Filppula in RENO LIONS zone. 14:19 of 1st period - Shot by Pierre-Luc Dubois. 14:19 of 1st period - Stopped by Jake Allen without a rebound. 14:20 of 1st period - Boone Jenner wins face-off versus Tomas Nosek in EDMONTON ICE zone. 16:26 of 1st period - Shot by Eric Fehr. 16:26 of 1st period - Shot Misses the Net. 17:18 of 1st period - Shot by Anders Lee. 17:18 of 1st period - Shot Blocked by Oscar Klefbom. 17:33 of 1st period - Shot by Blake Coleman. 17:33 of 1st period - Stopped by Jake Allen without a rebound. 17:34 of 1st period - Valtteri Filppula wins face-off versus William Karlsson in EDMONTON ICE zone. 17:50 of 1st period - Shot by Evgeny Dadonov. 17:50 of 1st period - Stopped by Jake Allen without a rebound. 17:51 of 1st period - Valtteri Filppula wins face-off versus Tomas Nosek in EDMONTON ICE zone. 18:56 of 1st period - Shot by Conor Sheary. 18:56 of 1st period - Stopped by Thomas Greiss with a rebound. 19:02 of 1st period - Shot by Eric Fehr. 19:02 of 1st period - Stopped by Thomas Greiss without a rebound. 19:03 of 1st period - Boone Jenner wins face-off versus Pierre-Luc Dubois in RENO LIONS zone. 19:07 of 1st period - Jaden Schwartz is hit by Oliver Ekman-Larsson and loses puck. 19:20 of 1st period - Shot by Pierre-Luc Dubois. 19:20 of 1st period - Shot Misses the Net. 19:22 of 1st period - Shot by Pierre-Luc Dubois. 19:22 of 1st period - Shot Misses the Net. 19:37 of 1st period - Shot by Elias Pettersson. 19:37 of 1st period - Shot Misses the Net. 19:39 of 1st period - Shot by Elias Pettersson. 19:39 of 1st period - Shot Misses the Net. Goals for this period are 2 for RENO LIONS vs 0 for EDMONTON ICE. Shots for this period are 11 for RENO LIONS vs 4 for EDMONTON ICE. 2nd period 0:01 of 2nd period - Valtteri Filppula wins face-off versus William Karlsson in neutral zone. 0:05 of 2nd period - Shot by Valtteri Filppula. 0:05 of 2nd period - Shot Misses the Net. 0:07 of 2nd period - Shot by Anthony Mantha. 0:07 of 2nd period - Shot Misses the Net. 0:09 of 2nd period - Shot by Anthony Mantha. 0:09 of 2nd period - Goal by Anthony Mantha - RENO LIONS : 2 - EDMONTON ICE : 1. 0:10 of 2nd period - Boone Jenner wins face-off versus William Karlsson in neutral zone. 0:15 of 2nd period - Shot by Jaden Schwartz. 0:15 of 2nd period - Shot Misses the Net. 0:35 of 2nd period - Shot by William Karlsson. 0:35 of 2nd period - Deflect By Evgeny Dadonov. 0:35 of 2nd period - Shot Blocked by Colton Parayko. 0:37 of 2nd period - Shot by William Karlsson. 0:37 of 2nd period - Shot Misses the Net. 0:48 of 2nd period - Minor Penalty to Patric Hornqvist for Hooking. 0:49 of 2nd period - Max Domi wins face-off versus Valtteri Filppula in EDMONTON ICE zone. 0:54 of 2nd period - Shot by Alex Killorn. 0:54 of 2nd period - Stopped by Jake Allen without a rebound. 0:55 of 2nd period - Valtteri Filppula wins face-off versus Max Domi in EDMONTON ICE zone. 1:45 of 2nd period - Icing by Ethan Bear. 1:46 of 2nd period - Eric Fehr wins face-off versus Max Domi in RENO LIONS zone. 2:47 of 2nd period - Shot by Pierre-Luc Dubois. 2:47 of 2nd period - Shot Misses the Net. 3:14 of 2nd period - Shot by Jaden Schwartz. 3:14 of 2nd period - Stopped by Thomas Greiss with a rebound. 3:18 of 2nd period - Shot by Patric Hornqvist. 3:18 of 2nd period - Stopped by Thomas Greiss with a rebound. 3:45 of 2nd period - Icing by Jeff Petry. 3:46 of 2nd period - Eric Fehr wins face-off versus Pierre-Luc Dubois in EDMONTON ICE zone. 3:55 of 2nd period - Shot by Jeff Petry. 3:55 of 2nd period - Shot Blocked by Ryan Pulock. 4:11 of 2nd period - Shot by Alex Killorn. 4:11 of 2nd period - Shot Misses the Net. 4:23 of 2nd period - Shot by Pierre-Luc Dubois. 4:23 of 2nd period - Stopped by Jake Allen with a rebound. 4:25 of 2nd period - Shot by Oliver Ekman-Larsson. 4:25 of 2nd period - Shot Misses the Net. 4:27 of 2nd period - Shot by Pierre-Luc Dubois. 4:27 of 2nd period - Deflect By Alex Killorn. 4:27 of 2nd period - The goal is going for a video replay. 4:27 of 2nd period - The goal is refused. 4:28 of 2nd period - Max Domi wins face-off versus Valtteri Filppula in EDMONTON ICE zone. 4:37 of 2nd period - Shot by Blake Coleman. 4:37 of 2nd period - Stopped by Jake Allen without a rebound. 4:38 of 2nd period - Boone Jenner wins face-off versus William Karlsson in EDMONTON ICE zone. 4:47 of 2nd period - Shot by Patric Hornqvist. 4:47 of 2nd period - Stopped by Thomas Greiss without a rebound. 4:48 of 2nd period - Blake Coleman wins face-off versus Valtteri Filppula in RENO LIONS zone. 5:02 of 2nd period - Off-side. 5:03 of 2nd period - William Karlsson wins face-off versus Boone Jenner in neutral zone. 5:06 of 2nd period - Shot by Evgeny Dadonov. 5:06 of 2nd period - Goal by Evgeny Dadonov - RENO LIONS : 3 - EDMONTON ICE : 1. 5:07 of 2nd period - Valtteri Filppula wins face-off versus William Karlsson in neutral zone. 5:25 of 2nd period - Shot by Timo Meier. 5:25 of 2nd period - Stopped by Jake Allen without a rebound. 5:26 of 2nd period - Boone Jenner wins face-off versus Blake Coleman in EDMONTON ICE zone. 5:26 of 2nd period - Boone Jenner is hit by Blake Coleman. 5:31 of 2nd period - Icing by Jaden Schwartz. 5:32 of 2nd period - Max Domi wins face-off versus Boone Jenner in EDMONTON ICE zone. 5:40 of 2nd period - Shot by Max Domi. 5:40 of 2nd period - Stopped by Jake Allen without a rebound. 5:41 of 2nd period - Valtteri Filppula wins face-off versus William Karlsson in EDMONTON ICE zone. 7:10 of 2nd period - Icing by Jaden Schwartz. 7:11 of 2nd period - Boone Jenner wins face-off versus Pierre-Luc Dubois in EDMONTON ICE zone. 7:15 of 2nd period - Off-side. 7:16 of 2nd period - Ondrej Kase wins face-off versus Pierre-Luc Dubois in neutral zone. 7:38 of 2nd period - Conor Sheary is hit by Adam McQuaid and loses puck. 7:50 of 2nd period - Minor Penalty to Adam McQuaid for Interference.